 Dungeon Crawl Stone Soup version 0.27-a0-909-g0721f309d1 (webtiles) character file.

Game seed: 3663709812737683562

4489 Lanoc the Carver (level 10, 0/82 HPs)
             Began as a Barachi Fighter on Apr 8, 2021.
             Was a Priest of Dithmenos.
             Slain by a warg (3 damage)
             ... on level 8 of the Dungeon.
             The game lasted 00:12:29 (10468 turns).

Lanoc the Carver (Barachi Fighter)                 Turns: 10468, Time: 00:12:29

Health: 0/82       AC: 10    Str: 18    XL:     10   Next: 38%
Magic:  19/19      EV: 14    Int:  8    God:    Dithmenos [***...]
Gold:   581        SH:  6    Dex: 21    Spells: 9/9 levels left

rFire    . . .     SeeInvis .   y - +3 dagger (elec)
rCold    . . .     Faith    +   z - +0 buckler
rNeg     . . .     Spirit   .   b - +0 scale mail
rPois    .         Reflect  .   B - +1 hat
rElec    .         Harm     .   (no cloak)
rCorr    .         Rampage  .   (no gloves)
Will     .....                  s - +0 pair of boots
Stlth    ..........             F - amulet of faith
HPRegen  0.23/turn              k - +6 ring of dexterity
MPRegen  0.16/turn              r - ring of magical power

@: about to teleport, can't hop, wreathed by umbra, slow
A: +LOS, amphibious, slowness 1, strong legs 1
a: Hop, Renounce Religion, Shadow Step


You were on level 8 of the Dungeon.
You worshipped Dithmenos.
Dithmenos was most pleased with you.
You visited 2 branches of the dungeon, and saw 9 of its levels.

You collected 581 gold pieces.

Inventory:

Hand Weapons
 a - a +0 long sword
 y - a +3 dagger of electrocution (weapon)
Armour
 b - a +0 scale mail (worn)
 c - a +0 kite shield
 s - a +0 pair of boots (worn)
 z - a +0 buckler (worn)
 B - a +1 hat (worn)
Jewellery
 k - a +6 ring of dexterity (left hand)
 l - the ring "Cobumes" {Fire rElec}
   (You found it on level 7 of the Dungeon)

   [ring of fire]

   It enhances your fire magic.
   It protects you from fire.
   It makes you vulnerable to cold.
   It insulates you from electricity.
 r - a ring of magical power (right hand)
 F - an amulet of faith (around neck)
Wands
 n - a wand of digging (3)
 D - a wand of flame (16)
Scrolls
 f - a scroll of amnesia
 j - 4 scrolls of teleportation
 m - a scroll of vulnerability {unknown}
 u - a scroll of enchant weapon {unknown}
 v - 2 scrolls of blinking {unknown}
 x - 2 scrolls of fog
 C - a scroll of magic mapping {unknown}
 E - a scroll of torment {unknown}
 G - a scroll of silence
Potions
 h - 5 potions of flight
 o - 2 potions of magic
 p - a potion of ambrosia
 q - a potion of mutation
 t - a potion of brilliance
 w - a potion of cancellation


   Skills:
 + Level 8.8 Fighting
 * Level 11.2 Long Blades
 + Level 8.7 Armour
 + Level 7.1 Dodging
 - Level 4.0 Shields


You had 9 spell levels left.
You didn't know any spells.
Your spell library contained the following spells:

 Spells                   Type           Power      Damage    Failure   Level
 Animate Skeleton         Necr           0%         N/A       75%         1
 Apportation              Tloc           0%         N/A       75%         1
 Corona                   Hex            0%         N/A       75%         1
 Summon Small Mammal      Summ           0%         N/A       75%         1
 Ensorcelled Hibernation  Hex/Ice        0%         N/A       87%         2
 Confusing Touch          Hex            0%         N/A       98%         3
 Dazzling Flash           Conj/Hex       0%         N/A       98%         3
 Tukima's Dance           Hex            0%         N/A       98%         3


Dungeon Overview and Level Annotations

Branches:
Dungeon (8/15)             Temple (1/1) D:4            Lair (0/6) D:8

Altars:
Dithmenos
Gozag
Kikubaaqudgha
Ru
Sif Muna
Trog
Xom
Yredelemnul
Zin
Beogh

Shops:
D:1 *

Annotations:
D:7 3 runed translucent doors, Capylives's ghost, novice TrGl


Innate Abilities, Weirdness & Mutations

You can be seen from farther away. (+LOS)
You are amphibious.
You cover ground slowly.
You can hop short distances.


Message History

The warg struggles against the net.
The warg struggles against the net. x2
The net rips apart, and the warg comes free!
An orc wizard appears from thin air!
Reactivating autopickup.
The warg bites you.
* * * LOW HITPOINT WARNING * * *
The warg bites you!
* * * LOW HITPOINT WARNING * * *
The warg bites you!
* * * LOW HITPOINT WARNING * * *
Throw: 2 throwing nets
Press: ? - help, Q - select action, (/) - cycle Shift-Dir - straight line, f/p - warg
Aim: a warg (umbra, 60% to hit)
You throw a throwing net.
The throwing net closely misses the warg.
The warg completely misses you.
Throw: throwing net
Press: ? - help, Q - select action, (/) - cycle Shift-Dir - straight line, f/p - warg
Aim: a warg (umbra, 60% to hit)
You throw a throwing net. The throwing net hits the warg.
The warg is caught in the net!
The warg struggles against the net.
The warg struggles against the net. x2
The net rips apart, and the warg comes free!
You feel better.
The orc priest casts a cantrip, but nothing happens.
The warg bites you!
* * * LOW HITPOINT WARNING * * *
As you read the scroll labelled BOKHAI EPEURY, it crumbles to dust.
The scroll dissolves into smoke.
It was a scroll of fog.
The warg barely misses you.
As you read the scroll labelled YKHLAKLUIMOJ, it crumbles to dust.
It is a scroll of amnesia.
You feel forgetful for a moment. The warg bites you but does no damage.
As you read the scroll labelled SOOGYC VEOKU, it crumbles to dust.
You feel strangely unstable.
It was a scroll of teleportation.
The warg barely misses you. You block the warg's attack. The warg bites you.
You die...

#.# #.# #.#
############.#
#.........##.#
#.#######)##.###########
#.# #§§............# #.#
#####§#§..########.# #
#.# #.§§@§§§...# #.# ##
#.###.###h#...## #.# .##
#.....§o§§##.## #.##
#.## #####(######.# #...
##.# #####.### #.# ####
#.## #.......# ##'## #
.## #.....#.###...##
##### ##
##o###.#.##.....## #....
# #...##...#.......##
#..##


You could see a warg.

Vanquished Creatures
  Harold (D:7)
  Pikel (D:5)
  An unseen horror (D:7)
  Prince Ribbit (D:7)
  Grum (D:8)
  A wyvern (D:8)
  Menkaure (D:4)
  A warg (D:8)
  An orc warrior (D:7)
  A black bear (D:5)
  An ice beast (D:5)
  An ogre (D:7)
  2 wolves
  2 necrophages
  A centaur (D:7)
  A phantom (D:5)
  A kobold brigand (D:7)
  2 bullfrogs (D:7)
  5 scorpions
  5 killer bees (D:8)
  2 howler monkeys
  A centaur zombie (D:7)
  2 hounds (D:5)
  4 orc priests
  2 iguanas
  6 jellies
  A centaur skeleton (D:7)
  Terence (D:2)
  2 orc wizards (D:7)
  A hound skeleton (D:4)
  A howler monkey zombie (D:7)
  6 adders
  2 shadow imps
  An ufetubus (D:5)
  A worm (D:2)
  3 dart slugs
  15 orcs
  5 bats
  5 endoplasms
  5 giant cockroaches
  10 goblins
  5 hobgoblins
  6 jackals
  4 kobolds
  A quokka (D:1)
  7 ball pythons
  3 frilled lizards
  3 rats
  A spectral orc (D:4)
137 creatures vanquished.

Notes
Turn   | Place    | Note
-------+----------+-------------------------------------------
     0 | D:1      | Lanoc the Barachi Fighter began the quest for the Orb.
     0 | D:1      | Reached XP level 1. HP: 18/18 MP: 1/1
   256 | D:1      | Reached XP level 2. HP: 16/25 MP: 2/2
   746 | D:1      | Reached skill level 3 in Long Blades
  1051 | D:1      | Found Ukematukh's General Store.
  1076 | D:1      | Reached XP level 3. HP: 25/30 MP: 3/3
  1250 | D:1      | Found a faded altar of an unknown god.
  1252 | D:1      | Reached skill level 1 in Dodging
  1264 | D:1      | Became a worshipper of Dithmenos the Shadowed
  1264 | D:1      | Reached * piety under Dithmenos
  1859 | D:2      | Reached XP level 4. HP: 28/37 MP: 4/4
  1969 | D:2      | Noticed a scorpion
  1984 | D:2      | Killed a scorpion
  1985 | D:2      | Reached skill level 4 in Long Blades
  1985 | D:2      | Reached XP level 5. HP: 13/43 MP: 5/5
  2295 | D:2      | Noticed Terence
  2310 | D:2      | Killed Terence
  2479 | D:2      | Found a shimmering altar of Xom.
  2627 | D:3      | Found an ancient bone altar of Kikubaaqudgha.
  2637 | D:3      | Found a sacrificial altar of Ru.
  2676 | D:3      | Reached ** piety under Dithmenos
  3151 | D:3      | Reached XP level 6. HP: 49/49 MP: 6/6
  3325 | D:3      | Found a bloodstained altar of Trog.
  3664 | D:3      | Found a shimmering blue altar of Sif Muna.
  3790 | D:4      | Found a staircase to the Ecumenical Temple.
  3800 | Temple   | Entered the Ecumenical Temple
  3983 | D:4      | Found a shadowy altar of Dithmenos.
  4208 | D:4      | Reached skill level 5 in Long Blades
  4301 | D:4      | Noticed a necrophage
  4315 | D:4      | Killed a necrophage
  4316 | D:4      | Reached skill level 5 in Fighting
  4436 | D:4      | Noticed Menkaure
  4445 | D:4      | Killed Menkaure
  4446 | D:4      | Reached skill level 5 in Armour
  4446 | D:4      | Reached XP level 7. HP: 6/56 MP: 7/7
  4725 | D:4      | Found a basalt altar of Yredelemnul.
  5141 | D:5      | Entered Level 5 of the Dungeon
  5158 | D:5      | Reached skill level 6 in Long Blades
  5776 | D:5      | Reached XP level 8. HP: 47/64 MP: 8/8
  5878 | D:5      | Reached skill level 7 in Long Blades
  6276 | D:5      | Found a glowing silver altar of Zin.
  6693 | D:5      | Noticed Pikel
  6726 | D:5      | Killed Pikel
  6727 | D:5      | Reached skill level 8 in Long Blades
  6727 | D:5      | Reached skill level 5 in Dodging
  7120 | D:6      | Reached XP level 9. HP: 71/71 MP: 9/9
  7795 | D:7      | Noticed Harold
  8085 | D:7      | Killed Harold
  8086 | D:7      | Reached skill level 9 in Long Blades
  8185 | D:7      | Noticed Prince Ribbit
  8221 | D:7      | Reached *** piety under Dithmenos
  8224 | D:7      | Killed Prince Ribbit
  8225 | D:7      | Reached skill level 10 in Long Blades
  8677 | D:7      | Found an opulent altar of Gozag.
  9022 | D:7      | Reached XP level 10. HP: 80/80 MP: 10/10
  9059 | D:7      | Killed an unseen horror
  9298 | D:7      | Identified the ring "Cobumes" {Fire rElec}
  9419 | D:7      | Found a runed translucent gate.
  9422 | D:7      | Found a runed translucent gate.
  9426 | D:7      | Noticed Capylives's ghost (novice TrGl)
  9427 | D:7      | Found a runed translucent gate.
  9503 | D:8      | Noticed Grum
  9572 | D:7      | Reached skill level 11 in Long Blades
  9919 | D:8      | Killed Grum
 10413 | D:8      | Found a staircase to the Lair.
 10458 | D:8      | HP: 4/82 [warg (10)]
 10463 | D:8      | HP: 2/82 [warg (13)]
 10468 | D:8      | Slain by a warg

Illustrated notes

Levels and vault maps discovered:
D:1:      eino_arrival_cavern_b, layout_loops_cross, serial_shops, shop,
          ebering_ecumenical_altar_sacrificial
D:2:      layout_rooms, basic_altar, uniq_terence
D:3:      layout_basic, lemuel_coloured_pillars_altar, marbit_many_paths,
          jmf_multi_god_temple, kennysheep_orc_chapel
D:4:      layout_loops_ring, yredelemnul_forgotten_temple_becter,
          amcnicky_altar_gilded, minmay_temple_entry_antechambers, uniq_menkaure
D:5:      layout_basic, overflow_temple_1_default, kennysheep_small_spiral,
          uniq_pikel
D:6:      layout_basic
D:7:      minmay_chambers_of_fours, layout_basic, nicolae_gozag_seed_capital,
          gammafunk_ghost_necromancy, chequers_serial_rivers_small_b,
          minmay_misc_feat_alley, uniq_harold, uniq_prince_ribbit1
D:8:      layout_loops_corners, kennysheep_little_box,
          erik_lair_orcish_takeover, gammafunk_ghost_nasty_kobolds, uniq_grum
Temple:   minmay_temple_forest_path

Skill      XL: |  1  2  3  4  5  6  7  8  9 10 |
---------------+-------------------------------+-----
Long Blades    | 3 4 5 6 8 10 11 | 11.2
Fighting       | 4 5 6 8 |  8.8
Dodging        | 1 2 3 5 6 7 |  7.1
Armour         | 4 5 6 8 |  8.7
Shields        | 4 |  4.0

Action                   |  1- 3 |  4- 6 |  7- 9 | 10-12 || total
-------------------------+-------+-------+-------+-------++-------
Melee: Long sword        |   122 |   135 |   188 |       ||   445
       Dagger            |       |       |   109 |   115 ||   224
Throw: Dart              |       |       |     4 |     2 ||     6
       Throwing net      |       |       |     1 |     5 ||     6
 Abil: Hop               |       |     1 |     1 |     1 ||     3
  Use: Potion            |       |     2 |     3 |     5 ||    10
       Scroll            |       |       |     1 |     8 ||     9
 Stab: Held in net/web   |       |       |     3 |       ||     3
Armor: Scale mail        |    66 |    33 |    84 |    31 ||   214
Dodge: Dodged            |    38 |    53 |   162 |   104 ||   357
Block: Kite shield       |    63 |    64 |   116 |       ||   243
       Buckler           |       |       |    24 |    41 ||    65
       Rpst.: Long sword |    14 |    15 |    23 |       ||    52

Table legend: (Time is in decaauts)
 A = Elapsed time spent in this place.
 B = Non-inter-level travel time spent in this place.
 C = Inter-level travel time spent in this place.
 D = Time resting spent in this place.
 E = Time spent auto-exploring this place.
 F = Levels seen in this place.
 G = Mean time per level.
                   A        B        C        D        E       F      G
               +--------+--------+--------+--------+--------+-----+--------+
         Total |  11522 |  11213 |    309 |    707 |   9058 |   9 | 1280.2 |
       Dungeon |  11520 |  11211 |    309 |    707 |   9058 |   8 | 1440.0 |
        Temple |      1 |      1 |      0 |      0 |      0 |   1 |    1.0 |
               +--------+--------+--------+--------+--------+-----+--------+

Top non-repeatable levels by time:
     D:5: 2062 daAuts
     D:7: 1863 daAuts
     D:1: 1740 daAuts
     D:4: 1552 daAuts
     D:2: 1298 daAuts
     D:3: 1180 daAuts
     D:6: 1130 daAuts
     D:8: 691 daAuts
  Temple: 1 daAuts
